 Dungeon Crawl Stone Soup version 0.18.1-8-gdd0e5ea (webtiles) character file.

396 Krapule the Shield-Bearer (level 7, -8/56 HPs)
             Began as a Formicid Fighter on May 23, 2016.
             Mangled by an ogre
             ... wielding a +0 giant club
              (22 damage)
             ... on level 4 of the Dungeon.
             The game lasted 00:15:47 (2880 turns).

Krapule the Shield-Bearer (Formicid Fighter)        Turns: 2880, Time: 00:15:48

Health: -8/56      AC:  8    Str: 21 (23) XL:     7   Next: 9%
Magic:  7/7        EV:  5    Int:  5 (7)  God:
Gold:   218        SH:  9    Dex:  7 (10) Spells: 0 memorised, 6 levels left

rFire  . . .     SeeInvis +     a - +0 war axe
rCold  . . .     Gourm    .     k - +0 plate armour
rNeg   . . .     Faith    .     c - +0 shield
rPois  .         Spirit   .     (helmet unavailable)
rElec  .         Dismiss  .     (no cloak)
rCorr  .         Reflect  .     i - +0 pair of gloves
SustAt .         Harm     .     (no boots)
MR     .....                    (no amulet)
Stlth  ..........               (no ring)
                                (no ring)

@: not resistant to hostile enchantments, extremely unstealthy
A: permanent stasis, dig shafts and tunnels, four strong arms, antennae 3,
deformed body, deterioration 1, regeneration 1
a: Dig, Shaft Self


You were on level 4 of the Dungeon.
You were not hungry.

You visited 1 branch of the dungeon, and saw 5 of its levels.

You collected 218 gold pieces.

Inventory:

Hand Weapons
 a - a +0 war axe (weapon)
Armour
 c - a +0 shield (worn)
 i - a +0 pair of gloves (worn)
 k - a +0 plate armour (worn)
Jewellery
 r - an uncursed ring of positive energy {unknown}
Scrolls
 b - 3 scrolls of recharging {unknown}
 g - 5 scrolls of identify {unknown}
 h - 3 scrolls of fear {unknown}
 j - a scroll of enchant armour {unknown}
 o - 2 scrolls of amnesia {unknown}
 s - a scroll of random uselessness {unknown}
 t - 2 scrolls of teleportation {unknown}
 v - a scroll of blinking {unknown}
 x - a scroll of fog {unknown}
Potions
 d - a potion of might
 e - 4 potions of curing
 q - a potion of heal wounds {unknown}
 u - a potion of berserk rage {unknown}
Books
 p - a book of the Tempests

   Spells                             Type                      Level
   a - Static Discharge               Conjuration/Air              3
   b - Lightning Bolt                 Conjuration/Air              5
   c - Fireball                       Conjuration/Fire             5
   d - Tornado                        Air                          9
   e - Shatter                        Earth                        9
 w - the Handbook of Ashen Intoxication
   (You found it on level 4 of the Dungeon)

   Spells                             Type                      Level
   a - Sandblast                      Earth                        1
   b - Ignite Poison                  Fire/Transmutation/Poison    3
   c - Poisonous Cloud                Conjuration/Poison/Air       6
   d - Shatter                        Earth                        9
Comestibles
 f - 2 bread rations
 l - 3 meat rations
 z - 2 chunks of flesh


   Skills:
 * Level 5.0 Fighting
 + Level 2.2 Axes
 * Level 5.2 Armour
 + Level 1.5 Dodging
 + Level 2.3 Stealth
 * Level 5.2 Shields


You had 6 spell levels left.
You didn't know any spells.

Dungeon Overview and Level Annotations

Branches:
Dungeon (5/15)
 Temple: D:4-7

Altars:
Ru


Innate Abilities, Weirdness & Mutations

You are under a permanent stasis effect.
You can dig through walls and to a lower floor.
Your four strong arms can wield two-handed weapons with a shield.
You have a pair of large antennae on your head (SInv).
Armour fits poorly on your strangely shaped body.
Your body sometimes deteriorates upon taking damage.
Your natural rate of healing is unusually fast.


Message History

The orc wizard hits you but does no damage.
You block the ogre's attack.
The orc wizard gestures wildly while chanting.
The orc wizard blinks!
The orc wizard casts a spell.
The orc wizard blinks!
You block the ogre's attack.
The orc wizard casts a spell.
The orc wizard blinks!
The orc wizard mumbles some strange words.
The orc wizard blinks!
The orc wizard gestures at you while chanting.
The magic dart hits you!
* * * LOW HITPOINT WARNING * * *
Found a hand axe.
Found an escape hatch in the floor.
There is a stone staircase leading up here.
You climb upwards.
You block the phantom's attack.
There is a stone staircase leading down here.
The ogre hits you with a giant club!!
You die...

#.......##########........
####'####............#'##.
#......#............'..#.
#.[....#............#..#.
#......'............#..#.
##.###'#............#..#.
###.....##'#########..#.
#.....#....{........#.
#...W@#{............#.
#...O.#.............+.
..#####.....#######..####+#.
#.......#####....##..#......
#.......'..#......#..#......
#.......#..#......#W.#......
#.......#..#......#..#......
#.......#..#......#..#......
#.......#..#......#..#......


You could see a phantom and an ogre.

Vanquished Creatures
  An ice beast (D:5)
  A hound (D:4)
  2 orc wizards
  An iguana (D:4)
  A worker ant (D:4)
  4 gnolls (D:4)
  4 adders
  3 worms
  A dart slug (D:2)
  The ghost of M4edhros the Grave Robber, a weakling OpNe (D:4)
  2 giant geckos
  7 orcs
  3 giant cockroaches
  5 goblins
  6 hobgoblins
  4 jackals (D:2)
  7 kobolds
  4 quokkas
  A ball python skeleton (D:4)
  12 bats
  4 giant newts
  A jackal skeleton (D:4)
  A quokka skeleton (D:4)
  6 rats
82 creatures vanquished.

Notes
Turn   | Place    | Note
--------------------------------------------------------------
     0 | D:1      | Krapule the Formicid Fighter began the quest for the Orb.
     0 | D:1      | Reached XP level 1. HP: 18/18 MP: 1/1
    84 | D:1      | Reached XP level 2. HP: 22/24 MP: 2/2
   540 | D:2      | Reached XP level 3. HP: 30/30 MP: 3/3
   697 | D:2      | Reached skill level 1 in Stealth
   827 | D:2      | Reached XP level 4. HP: 30/37 MP: 4/4
  1264 | D:3      | Reached skill level 1 in Dodging
  1264 | D:3      | Reached XP level 5. HP: 42/42 MP: 5/5
  1303 | D:3      | Found a sacrificial altar of Ru.
  1943 | D:4      | Noticed a phantom
  1976 | D:5      | Entered Level 5 of the Dungeon
  2163 | D:4      | Identified the Handbook of Ashen Intoxication
  2185 | D:4      | Noticed M4edhros's ghost (weakling OpNe)
  2190 | D:4      | Killed M4edhros's ghost
  2215 | D:4      | Reached XP level 6. HP: 39/49 MP: 6/6
  2688 | D:4      | Noticed a phantom
  2723 | D:4      | Reached skill level 5 in Armour
  2737 | D:4      | Gained mutation: Your body sometimes deteriorates upon taking damage. [potion of mutation]
  2737 | D:4      | Gained mutation: Armour fits poorly on your strangely shaped body. [potion of mutation]
  2737 | D:4      | Gained mutation: Your natural rate of healing is unusually fast. [potion of mutation]
  2820 | D:5      | Noticed an ice beast
  2830 | D:5      | Reached skill level 5 in Shields
  2835 | D:5      | Noticed an ogre
  2837 | D:5      | Killed an ice beast
  2837 | D:5      | Reached XP level 7. HP: 16/55 MP: 7/7
  2841 | D:5      | Reached skill level 5 in Fighting
  2880 | D:4      | Mangled by an ogre

Skill      XL: |  1  2  3  4  5  6  7 |
---------------+----------------------+-----
Shields        | 4 5 |  5.2
Stealth        | 1 2 |  2.3
Armour         | 4 5 |  5.2
Fighting       | 4 5 |  5.0
Dodging        | 1 |  1.5
Axes           | |  2.2

Action                   |  1- 3 |  4- 6 |  7- 9 || total
-------------------------+-------+-------+-------++-------
Melee: War axe           |   136 |   235 |    18 ||   389
  Use: Potion            |       |     3 |       ||     3
  Eat: Chunk             |       |     6 |       ||     6
       Beef jerky        |       |     1 |       ||     1
Armor: Scale mail        |    36 |       |       ||    36
       Plate armour      |    61 |   158 |    22 ||   241
Dodge: Dodged            |    47 |    55 |     3 ||   105
Block: Shield            |    81 |   143 |    11 ||   235
